 Dungeon Crawl Stone Soup version 0.25.1-2-g60ff931df9 (webtiles) character file.

Game seed: 17673351544104116678

127 DearestLeader the Conjurer (level 4, -5/33 HPs)
             Began as a Draconian Conjurer on Oct 29, 2020.
             Killed by nerve-wracking pain
             ... invoked by an orc priest
              (10 damage)
             ... on level 3 of the Dungeon.
             The game lasted 00:05:45 (2625 turns).

DearestLeader the Conjurer (Draconian Conjurer)     Turns: 2625, Time: 00:05:45

Health: -5/33      AC:  5    Str: 11    XL:     4   Next: 85%
Magic:  0/7        EV: 12    Int: 16    God:
Gold:   131        SH:  0    Dex: 11    Spells: 0/7 levels left

rFire    . . .     SeeInvis .   d - +0 dagger
rCold    . . .     Gourm    .   (no shield)
rNeg     . . .     Faith    .   (armour unavailable)
rPois    .         Spirit   .   k - +0 hat
rElec    .         Reflect  .   (no cloak)
rCorr    .         Harm     .   (no gloves)
MR       .....                  (no boots)
Stlth    ++........             (no amulet)
HPRegen  0.11/turn              (no ring)
MPRegen  0.10/turn              (no ring)

@: no status effects
A: unfitting armour, cold-blooded, AC +5
a: no special abilities


You were on level 3 of the Dungeon.
You were not hungry.

You visited 1 branch of the dungeon, and saw 3 of its levels.

You collected 131 gold pieces.

Inventory:

Hand Weapons
 d - a +0 dagger (weapon)
Missiles
 g - 6 javelins (quivered)
Armour
 k - a +0 hat (worn)
Scrolls
 a - 3 scrolls of identify {unknown}
 c - 2 scrolls of remove curse {unknown}
 e - a scroll of noise {unknown}
 h - a scroll of fear {unknown}
 i - a scroll of blinking {unknown}
 j - a scroll of teleportation {unknown}
 l - a scroll of magic mapping {unknown}
 n - a scroll of enchant weapon {unknown}
 o - a scroll of enchant armour {unknown}
Potions
 f - a potion of heal wounds {unknown}
Comestibles
 b - 6 rations
 m - 5 chunks of flesh


   Skills:
 - Level 1.7 Dodging
 - Level 1.7 Stealth
 - Level 2.0 Spellcasting
 * Level 6.2 Conjurations


You couldn't memorise any spells.
You knew the following spells:

 Your Spells              Type           Power        Failure   Level  Hunger
a - Magic Dart            Conj           ###.         1%          1    #......
b - Searing Ray           Conj           ###...       2%          2    ###....
c - Fulminant Prism       Conj/Hex       ##........   50%         4    #####..

Your spell library contained the following spells:

 Spells                   Type           Power        Failure   Level  Hunger
 Dazzling Flash           Conj/Hex       ##....       17%         3    ###....
 Corona                   Hex            #......      21%         1    #......
 Ensorcelled Hibernation  Hex/Ice        #.....       30%         2    ###....
 Iskenderun's Mystic Bla  Conj/Tloc      ##......     50%         4    #####..
 Confusing Touch          Hex            #.......     52%         3    ###....
 Tukima's Dance           Hex            #.......     52%         3    ###....


Dungeon Overview and Level Annotations

Branches:
Dungeon (3/15)

Altars:
Zin


Innate Abilities, Weirdness & Mutations

Your plain brown scales are hard. (AC +5)
You cannot fit into any form of body armour.
You are cold-blooded and may be slowed by cold attacks.


Message History

Aiming: Searing Ray (safe; 2% risk of failure)
Press: ? - help, Shift-Dir - straight line, f/p - orc priest
Aim: an orc priest, wielding a +0 short sword and wearing a +0 leather armour (lightly wounded)
The searing ray hits the orc priest.
The orc priest is moderately wounded. (Press . to maintain the ray.)
The searing ray hits the orc priest.
The orc priest is severely wounded.
The orc priest hits you with a +0 short sword.
* * * LOW HITPOINT WARNING * * *
Casting: Searing Ray (safe; 2% risk of failure)
Confirm with . or Enter, or press ? or * to list all spells.
Aiming: Magic Dart (safe; 1% risk of failure)
Press: ? - help, Shift-Dir - straight line, f/p - orc priest
Aim: an orc priest, wielding a +0 short sword and wearing a +0 leather armour (severely wounded)
The magic dart hits the orc priest.
The orc priest is almost dead.
The orc priest calls down the wrath of Beogh upon you.
Pain shoots through your body!
You die...

#.......# #..... #.......#
#..... #.......# ####.....
#.......#####.##.....
######.......##....##.....
#............##.##........
#..(.....o..รท##.##.#.#####
#........###o...##...# ##
#.)......@....######## #.
########......# # #.
#.)....# ?.. #.
#...)).###..# ##
#####.......# ####...##
...# ....# #...#


You could see an orc priest.

Vanquished Creatures
  Natasha (D:3)
  A gnoll (D:1)
  3 adders (D:2)
  A worm (D:3)
  2 dart slugs
  A leopard gecko (D:1)
  4 orcs (D:3)
  7 bats
  A giant cockroach (D:1)
  6 goblins
  8 hobgoblins
  4 jackals (D:3)
  8 kobolds
  A quokka (D:2)
  A ball python (D:1)
  2 frilled lizards
  2 rats
53 creatures vanquished.

Notes
Turn   | Place    | Note
-------+----------+-------------------------------------------
     0 | D:1      | DearestLeader the Draconian Conjurer began the quest for
                  | the Orb.
     0 | D:1      | Reached XP level 1. HP: 14/14 MP: 3/3
   159 | D:1      | Reached XP level 2. HP: 13/20 MP: 0/5
   865 | D:1      | Reached skill level 5 in Conjurations
   910 | D:1      | Learned a level 2 spell: Searing Ray
   976 | D:2      | Reached XP level 3. HP: 23/26 MP: 1/6
  1335 | D:2      | Found a glowing silver altar of Zin.
  1336 | D:2      | Noticed an angel
  1956 | D:2      | Reached XP level 4. HP: 33/33 MP: 2/7
  2276 | D:3      | Learned a level 4 spell: Fulminant Prism
  2430 | D:3      | Noticed Natasha
  2438 | D:3      | Killed Natasha
  2438 | D:3      | Reached skill level 6 in Conjurations
  2625 | D:3      | Killed from afar by an orc priest

Illustrated notes

Levels and vault maps discovered:
D:1:      saegor_arrival_simple_b, layout_loops_ring
D:2:      layout_basic, zin_angel, first_ration
D:3:      layout_basic, nicolae_tso_swordbearing_angel, uniq_natasha

Skill      XL: |  1  2  3  4 |
---------------+-------------+-----
Conjurations   | 5 6 |  6.2
Dodging        | |  1.7
Stealth        | |  1.7
Spellcasting   | |  2.0

Action                   |  1- 3 |  4- 6 || total
-------------------------+-------+-------++-------
Melee: Unarmed           |     6 |       ||     6
       Tailslap          |     1 |       ||     1
       Dagger            |       |    11 ||    11
Throw: Javelin           |    12 |     1 ||    13
 Cast: Magic Dart        |    70 |    18 ||    88
       Searing Ray       |       |     5 ||     5
  Use: Potion            |     2 |       ||     2
  Eat: Chunk             |     3 |     4 ||     7
Armor: Skin              |    35 |     4 ||    39
Dodge: Dodged            |    40 |    13 ||    53
